 Dungeon Crawl Stone Soup version 0.25-a0-279-g53730b6a6f (webtiles) character file.

Game seed: 12109521093626164133, levelgen mode: deterministic

81578 Nixze the Fighter (level 15, -1/139 HPs)
             Began as a Purple Draconian Air Elementalist on Dec 10, 2019.
             Was a High Priest of Vehumet.
             Slain by a tentacled monstrosity (9 damage)
             ... on level 1 of the Swamp.
             The game lasted 02:32:58 (38557 turns).

Nixze the Fighter (DrAE)                           Turns: 38557, Time: 02:32:58

Health: -1/139     AC: 13    Str: 15    XL:     15   Next: 27%
Magic:  42/42      EV: 11    Int: 26    God:    Vehumet [*****.]
Gold:   555        SH:  7    Dex: 13    Spells: 5/42 levels left

rFire    . . .     SeeInvis +   H - +6 dagger of Law {drain, rF- Str+4 Int+6 SInv}
rCold    + . .     Gourm    .   D - +2 buckler {rF+}
rNeg     . . .     Faith    .   (armour unavailable)
rPois    .         Spirit   .   Y - +0 hat
rElec    .         Reflect  .   l - scarf {cloud immunity}
rCorr    .         Harm     .   S - +0 pair of gloves
MR       ++...                  E - +2 pair of boots {Fly}
Stlth    ++........             o - amulet of regeneration
HPRegen  0.73/turn              V - ring of protection from cold
MPRegen  0.28/turn              X - ring of magical power

@: flying, hasted, constricted, very quick
A: breathe power, unfitting armour, cold-blooded, AC +9
a: Breathe Dispelling Energy, Renounce Religion, Stop Flying


You were on level 1 of the Swamp.
You worshipped Vehumet.
Vehumet was extremely pleased with you.
You were near starving.

You visited 5 branches of the dungeon, and saw 25 of its levels.
You also visited: Sewer and Ice Cave.

You collected 2838 gold pieces.
You spent 2283 gold pieces at shops.

Inventory:

Hand Weapons
 H - the +6 dagger of Law (weapon) {drain, rF- Str+4 Int+6 SInv}
   (You found it on level 2 of the Lair of Beasts)

   A truly terrible weapon, it drains the life of those it strikes.
   It affects your strength (+4).
   It affects your intelligence (+6).
   It makes you vulnerable to fire.
   It lets you see invisible.
Armour
 l - a scarf of cloud immunity (worn)
 D - a +2 buckler of fire resistance (worn)
 E - a +2 pair of boots of flying (worn)
 S - a +0 pair of gloves (worn)
 Y - a +0 hat (worn)
Jewellery
 o - an amulet of regeneration (around neck)
 t - an uncursed ring of protection from fire
 u - an uncursed ring of resist corrosion
 x - a +4 ring of protection
 V - a ring of protection from cold (left hand)
 X - a ring of magical power (right hand)
Wands
 a - a wand of acid (12)
 g - a wand of polymorph (4)
 p - a wand of paralysis (7)
 I - a wand of iceblast (50)
 O - a wand of digging (9)
 Z - a wand of disintegration (10)
Scrolls
 c - 13 scrolls of teleportation
 e - 2 scrolls of fog
 f - 3 scrolls of fear
 h - a scroll of summoning
 i - 10 scrolls of remove curse
 w - 4 scrolls of blinking
 y - 2 scrolls of torment
 B - 4 scrolls of identify
 F - a scroll of magic mapping
 G - a scroll of vulnerability
 J - a scroll of holy word
 K - 2 scrolls of immolation
 L - a scroll of enchant armour
 U - a scroll of amnesia
Potions
 d - 11 potions of curing
 j - 2 potions of ambrosia
 k - a potion of berserk rage {unknown}
 m - 2 potions of haste
 n - 4 potions of magic
 q - 6 potions of heal wounds
 s - 5 potions of brilliance
 v - 2 potions of might
 z - 3 potions of lignification
 A - 2 potions of agility
 C - a potion of cancellation {unknown}
 Q - a potion of invisibility {unknown}
 W - 2 potions of mutation
Miscellaneous
 T - a phantom mirror
Comestibles
 b - 26 rations


   Skills:
 + Level 14.7 Fighting
 - Level 5.0 Dodging
 - Level 4.0 Stealth
 - Level 4.0 Shields
 + Level 14.2 Spellcasting
 - Level 12.8 Conjurations
 - Level 3.0 Charms
 - Level 7.0 Summonings
 - Level 5.0 Fire Magic
   Level 5.0 Ice Magic
 * Level 8.8 Air Magic


You had 5 spell levels left.
You knew the following spells:

 Your Spells              Type           Power        Failure   Level  Hunger
a - Shock                 Conj/Air       ####         1%          1    None
c - Airstrike             Air            ######....   1%          4    None
d - Lightning Bolt        Conj/Air       ######....   1%          5    ##.....
e - Swiftness             Chrm/Air       #####...     1%          2    None
f - Fireball              Conj/Fire      ######....   1%          5    ##.....
g - Orb of Destruction    Conj           ######....   3%          7    ######.
h - Spellforged Servitor  Conj/Summ      ######....   12%         7    ######.
i - Starburst             Conj/Fire      ######....   3%          6    ####...

Your spell library contained the following spells:

 Spells                   Type           Power        Failure   Level  Hunger
 Foxfire                  Conj/Fire      ####         1%          1    None
 Infusion                 Chrm           ####         1%          1    None
 Summon Small Mammal      Summ           ####         1%          1    None
 Ensorcelled Hibernation  Hex/Ice        ####..       1%          2    None
 Poisonous Vapours        Pois/Air       #####.       1%          2    None
 Song of Slaying          Chrm           ####....     1%          2    None
 Conjure Flame            Conj/Fire      ######..     1%          3    None
 Ignite Poison            Fire/Tmut/Pois ####....     1%          3    None
 Inner Flame              Hex/Fire       ####....     1%          3    None
 Mephitic Cloud           Conj/Pois/Air  ######..     1%          3    None
 Static Discharge         Conj/Air       ######..     1%          3    None
 Fulminant Prism          Conj/Hex       ######....   1%          4    None
 Sticky Flame             Conj/Fire      ######..     1%          4    None
 Shroud of Golubria       Chrm/Tloc      ####..       2%          2    None
 Summon Guardian Golem    Hex/Summ       #####...     2%          3    None
 Summon Ice Beast         Ice/Summ       #####...     2%          4    None
 Animate Skeleton         Necr           N/A          3%          1    None
 Apportation              Tloc           ###...       3%          1    None
 Beastly Appendage        Tmut           ###...       3%          1    None
 Confusing Touch          Hex            ###...       3%          1    None
 Pain                     Necr           ###.         3%          1    None
 Sting                    Tmut/Pois      ###.         3%          1    None
 Slow                     Hex            ###.....     4%          2    None
 Sticks to Snakes         Tmut           ###.....     4%          2    None
 Regeneration             Chrm/Necr      ####......   4%          3    None
 Spectral Weapon          Hex/Chrm       ####....     4%          3    None
 Spider Form              Tmut/Pois      ###.......   9%          3    None
 Vampiric Draining        Necr           ###.......   9%          3    None
 Olgreb's Toxic Radiance  Pois           ###.....     9%          4    None
 Ice Form                 Ice/Tmut       ####....     11%         4    None
 Silence                  Hex/Air        #####.....   14%         5    ##.....
 Summon Mana Viper        Hex/Summ       #####...     21%         5    ##.....
 Animate Dead             Necr           N/A          30%         4    None
 Blade Hands              Tmut           ###.......   63%         5    ##.....
 Borgnjor's Vile Clutch   Necr/Erth      ###.......   63%         5    ##.....
 Shadow Creatures         Summ           N/A          26%         6    ####...
 Darkness                 Hex            ###.......   99%         6    ####...
 Ignition                 Fire           #####.....   99%         8    #######
 Shatter                  Erth           ###.......   100%        9    #######
 Tornado                  Air            ######....   100%        9    #######


Dungeon Overview and Level Annotations

Branches:
Dungeon (15/15)            Temple (1/1) D:5            Lair (6/6) D:10
  Swamp (1/4) Lair:4       Spider (0/4) Lair:3        Slime (0/5) Lair:5
    Orc (2/2) D:9             Elf (0/3) Orc:2        Vaults (0/5) D:13
 Depths (0/5) D:15          Sewer (visited)           IceCv (visited)

Altars:
Ashenzari
Cheibriados
Dithmenos
Elyvilon
Fedhas
Gozag
Hepliaklqana
Kikubaaqudgha
Makhleb
Nemelex Xobeh
Okawaru
Qazlal
Ru
Sif Muna
Trog
Uskayaw
Vehumet
Wu Jian
Xom
Yredelemnul
Zin
The Shining One
Beogh
Jiyva

Shops:
D:4 [   D:9 }}![*   D:10 %   Orc:1 ?   Orc:2 :!*?

Annotations:
D:6 3 runed translucent doors, Nagy's ghost, amateur TeAE
Lair:3 Rupert


Innate Abilities, Weirdness & Mutations

You can breathe bolts of dispelling energy.
Your rich purple scales are hard. (AC +9)
You cannot fit into any form of body armour.
You are cold-blooded and may be slowed by cold attacks.


Message History

The tentacled monstrosity tentacle-slaps you but does no damage.
* * * LOW HITPOINT WARNING * * *
The tentacled monstrosity constricts you.
The alligator barely misses you. The alligator tail-slaps you!
* * * LOW HITPOINT WARNING * * *
The vampire mosquito bites you!
* * * LOW HITPOINT WARNING * * *
The vampire mosquito draws strength from your injuries!
You block the vampire mosquito's attack.
The hornet misses you.
The tentacled monstrosity's grasp on you weakens, but your attempt to escape fails.
The vampire mosquito misses you.
The vampire mosquito bites you but does no damage. x2
The alligator barely misses you. x2
The tentacled monstrosity tentacle-slaps you.
* * * LOW HITPOINT WARNING * * *
The tentacled monstrosity tentacle-slaps you.
* * * LOW HITPOINT WARNING * * *
You block the tentacled monstrosity's attack.
You die...

≈≈≈♣
♣.≈≈≈≈≈≈≈≈≈≈.
≈≈.≈
♣.≈≈≈≈≈≈≈≈≈..
...(.
%%≈≈≈≈≈≈≈≈..
♣≈♣..♣♣
..≈≈.≈≈≈≈..
.≈...♣♣.≈≈≈≈≈≈≈≈.
...♣..≈≈.≈≈≈≈.≈
♣♣ ♣y♣.≈tyy≈≈≈.).
♣.♣♣♣...♣@.......
♣.♣.♣.♣yyX%♣♣..%
♣.♣y♣♣...♣..}≈♣
♣♣y♣y...♣♣ ≈.≈♣
♣.♣≈♣.♣≈.≈!.≈♣♣
♣.♣.♣.♣≈♣.≈♣♣♣♣
♣♣.♣.♣♣♣≈♣♣♣
♣.♣♣♣ ♣≈♣ ♣.♣ ♣♣


You could see a tentacled monstrosity, an alligator, a hornet and 3 vampire
mosquitoes.

Vanquished Creatures
  Nessos (D:14)
  A fire dragon (D:15)
  Erolcha (Orc:2)
  3 catoblepae (Lair:6)
  An ice dragon (D:15)
  2 hydras
  4 centaur warriors
  6 two-headed ogres
  7 death yaks
  Nergalle (D:12)
  An unseen horror (D:12)
  A wizard (D:14)
  7 orc knights (Orc:2)
  A necromancer (IceCv)
  A lindwurm (Lair:6)
  A deep elf mage (D:10)
  3 manticores
  10 ugly things
  2 orc sorcerers
  2 cyclopes (D:11)
  A faun (shapeshifter) (D:13)
  A manticore (shapeshifter) (D:13)
  9 elephants
  Maurice (D:8)
  An ice statue (IceCv)
  7 black mambas
  7 spiny frogs
  A gargoyle (D:11)
  2 centaur skeletons
  10 freezing wraiths (IceCv)
  2 kobold demonologists
  7 komodo dragons
  A harpy zombie (D:15)
  9 trolls
  3 jumping spiders (Lair:3)
  A merfolk (shapeshifter) (D:13)
  2 hornets
  3 meliai (D:13)
  2 tyrant leeches (Lair:6)
  4 blink frogs
  6 hippogriffs
  3 shadows
  A wraith (D:12)
  A vampire (D:13)
  4 wyverns
  A fire bat (shapeshifter) (D:13)
  A spriggan (shapeshifter) (D:12)
  42 yaks
  5 basilisks
  2 hungry ghosts
  6 vampire mosquitoes
  7 wargs (Orc:2)
  2 swamp worms (Lair:6)
  An acid dragon (D:13)
  2 floating eyes (D:11)
  19 water moccasins
  4 porcupines
  An eye of draining (D:11)
  A hornet zombie (D:9)
  38 orc warriors
  3 sky beasts (D:7)
  An alligator simulacrum (IceCv)
  10 ice beasts
  7 ogres
  A swamp drake (D:9)
  4 black bears
  2 necrophages
  3 phantoms
  11 centaurs
  8 crocodiles
  3 wolves (Lair:3)
  4 big kobolds
  18 bullfrogs
  2 wyvern zombies
  5 scorpions
  12 wights
  28 killer bees
  An electric eel (Lair:5)
  4 howler monkeys
  3 draconian simulacra (IceCv)
  3 centaur zombies
  7 crimson imps
  A quasit (D:10)
  11 orc priests
  10 hounds
  4 jellies
  Crazy Yiuf (D:6)
  4 bullfrog skeletons
  6 iguanas
  22 orc wizards
  6 hell rats
  A spriggan simulacrum (IceCv)
  12 worker ants
  2 polar bear simulacra (IceCv)
  6 troll simulacra (IceCv)
  A wolf simulacrum (IceCv)
  2 centaur simulacra (IceCv)
  A hound skeleton (D:8)
  A howler monkey zombie (D:9)
  4 worker ant zombies
  11 gnolls
  2 howler monkey skeletons
  11 adders
  5 naga simulacra (IceCv)
  3 ogre simulacra (IceCv)
  4 river rats (Sewer)
  12 white imps (IceCv)
  2 oozes
  2 adder skeletons (D:9)
  4 worms
  4 dart slugs (D:1)
  4 leopard geckos
  92 orcs
  7 bats
  4 giant cockroaches
  4 goblins
  10 hobgoblins
  7 jackals
  22 kobolds
  7 quokkas
  4 ball pythons
  5 frilled lizards
  A jackal zombie (D:5)
  A leopard gecko zombie (D:6)
  A quokka zombie (D:8)
  10 rats
  3 fungi
754 creatures vanquished.

Vanquished Creatures (collateral kills)
  A stone giant (Orc:1)
  A two-headed ogre (Orc:1)
  4 orc knights (Orc:2)
  An orc sorcerer (Orc:2)
  A cyclops (Orc:1)
  4 orc warriors (Orc:2)
  An ogre (Orc:1)
  An orc priest (Orc:1)
  An orc wizard (Orc:2)
  4 orcs
19 creatures vanquished.

Vanquished Creatures (others)
  An iguana (D:10)
  5 fungi
  9 plants
15 creatures vanquished.

Grand Total: 788 creatures vanquished

Notes
Turn   | Place    | Note
-------+----------+-------------------------------------------
     0 | D:1      | Nixze the Draconian Air Elementalist began the quest for
                  | the Orb.
     0 | D:1      | Reached XP level 1. HP: 14/14 MP: 3/3
   222 | D:1      | Reached XP level 2. HP: 20/20 MP: 3/5
   892 | D:1      | Reached XP level 3. HP: 26/26 MP: 3/6
  1883 | D:2      | Reached XP level 4. HP: 33/33 MP: 4/7
  1892 | D:1      | Reached skill level 5 in Air Magic
  2233 | D:2      | Found an ornate altar of the Wu Jian Council.
  2265 | D:2      | Learned a level 3 spell: Static Discharge
  2477 | D:2      | Found a faded altar of an unknown god.
  3141 | D:3      | Found a bloodstained altar of Trog.
  3269 | D:3      | Found an iron altar of Okawaru.
  3286 | D:3      | Reached XP level 5. HP: 5/38 MP: 0/8
  4082 | D:3      | Found a glowing golden altar of the Shining One.
  4821 | D:4      | Learned a level 4 spell: Airstrike
  4952 | D:4      | Reached XP level 6. HP: 45/45 MP: 5/9
  4971 | D:4      | Found a hazy altar of Hepliaklqana.
  5427 | D:4      | Found Piafoduf's Armour Boutique.
  5454 | D:4      | Bought a +0 buckler for 54 gold pieces
  5796 | D:5      | Entered Level 5 of the Dungeon
  5951 | D:5      | Found a staircase to the Ecumenical Temple.
  5963 | Temple   | Entered the Ecumenical Temple
  6106 | Temple   | Became a worshipper of Vehumet
  6172 | D:5      | Reached skill level 1 in Fighting
  6243 | D:5      | Reached skill level 1 in Shields
  6616 | D:5      | Your scales start taking on a rich purple colour.
  6616 | D:5      | Reached XP level 7. HP: 52/52 MP: 8/11
  6858 | D:5      | Found a white marble altar of Elyvilon.
  6858 | D:5      | Found a shattered altar of Ashenzari.
  7224 | D:6      | Found a glowing drain.
  7250 | Sewer    | Entered a sewer
  7371 | Sewer    | Reached * piety under Vehumet
  7371 | Sewer    | Offered knowledge of Magic Dart by Vehumet.
  8166 | D:6      | Noticed Nagy's ghost (amateur TeAE)
  8166 | D:6      | Noticed a freezing wraith
  8177 | D:6      | Found a runed translucent gate.
  8190 | D:6      | Found a runed translucent gate.
  8191 | D:6      | Found a runed translucent gate.
  8503 | D:6      | Found a blossoming altar of Fedhas.
  8618 | D:6      | Reached XP level 8. HP: 63/63 MP: 6/14
  8781 | D:6      | Found a runed translucent door.
  8782 | D:6      | Noticed Crazy Yiuf
  8975 | D:6      | Reached skill level 5 in Conjurations
  9332 | D:6      | Learned a level 5 spell: Lightning Bolt
  9337 | D:6      | Killed Crazy Yiuf
  9640 | D:7      | Reached skill level 5 in Spellcasting
  9658 | D:7      | Reached ** piety under Vehumet
  9741 | D:7      | Offered knowledge of Sandblast by Vehumet.
  9910 | D:7      | Reached XP level 9. HP: 53/71 MP: 3/17
 10333 | D:7      | Found a glowing silver altar of Zin.
 10513 | D:7      | Reached skill level 5 in Fighting
 10912 | D:8      | Noticed a two-headed ogre
 10977 | D:8      | Learned a level 2 spell: Swiftness
 11037 | D:8      | Killed a two-headed ogre
 11194 | D:8      | Noticed Maurice
 11486 | D:8      | Killed Maurice
 11518 | D:8      | Noticed a two-headed ogre
 11592 | D:8      | Noticed a two-headed ogre
 11812 | D:8      | Reached XP level 10. HP: 86/86 MP: 11/21
 11918 | D:8      | Killed a two-headed ogre
 12031 | D:8      | Killed a two-headed ogre
 12436 | D:9      | Found Howaqol's General Store.
 12461 | D:9      | Offered knowledge of Ignite Poison by Vehumet.
 12468 | D:9      | Learned a level 5 spell: Fireball
 12475 | D:9      | Found Nulow's Antique Armour Emporium.
 12483 | D:9      | Bought a shiny buckler for 172 gold pieces
 12483 | D:9      | Bought a pair of embroidered boots for 172 gold pieces
 12599 | D:9      | Noticed a two-headed ogre
 12623 | D:9      | Reached *** piety under Vehumet
 12917 | D:9      | Found a shimmering blue altar of Sif Muna.
 13000 | D:9      | Found Iwighere's Distillery.
 13023 | D:9      | Killed a two-headed ogre
 13023 | D:9      | Reached skill level 10 in Fighting
 13241 | D:9      | Bought a potion of lignification for 48 gold pieces
 13243 | D:9      | Found Hicem's Gadget Shop.
 13263 | D:9      | Found Foegg's Gadget Shop.
 13539 | D:9      | Found a shimmering altar of Xom.
 13564 | D:9      | Reached skill level 1 in Fire Magic
 13566 | D:9      | Offered knowledge of Stone Arrow by Vehumet.
 13589 | D:9      | Reached skill level 1 in Charms
 14064 | D:9      | Reached XP level 11. HP: 88/101 MP: 11/22
 14119 | D:9      | Found a staircase to the Orcish Mines.
 14148 | D:9      | Learned a level 4 spell: Sticky Flame
 14183 | D:10     | Entered Level 10 of the Dungeon
 14233 | D:10     | Found Sootaphow's Food Shoppe.
 14291 | D:10     | Reached **** piety under Vehumet
 14493 | D:10     | Offered knowledge of Hailstorm by Vehumet.
 14768 | D:10     | Noticed a deep elf mage
 14772 | D:10     | Killed a deep elf mage
 15690 | D:10     | Found a staircase to the Lair.
 16156 | D:11     | Learned a level 4 spell: Hailstorm
 16197 | D:11     | Noticed a brown ugly thing
 16202 | D:11     | Killed a brown ugly thing
 16651 | D:11     | Reached ***** piety under Vehumet
 17348 | D:11     | Offered knowledge of Spellforged Servitor by Vehumet.
 17372 | D:11     | Reached skill level 5 in Fire Magic
 18076 | D:11     | Reached skill level 1 in Ice Magic
 18166 | Lair:1   | Entered Level 1 of the Lair of Beasts
 18589 | Lair:1   | Reached XP level 12. HP: 110/110 MP: 0/25
 19319 | Lair:1   | Reached skill level 10 in Conjurations
 19892 | Lair:2   | Got a bone dagger
 19893 | Lair:2   | Identified the +6 dagger of Law {drain, rF- Str+4 Int+6
                  | SInv} (You found it on level 2 of the Lair of Beasts)
 20407 | Lair:3   | Reached skill level 10 in Spellcasting
 21217 | Lair:3   | Noticed Rupert
 21663 | Lair:3   | Found a hole to the Spider Nest.
 21904 | Lair:3   | Reached skill level 5 in Ice Magic
 22266 | Lair:4   | Learned a level 7 spell: Spellforged Servitor
 22654 | Lair:4   | Reached skill level 1 in Summonings
 22949 | Lair:4   | Found a staircase to the Swamp.
 23521 | Lair:5   | Found a viscous altar of Jiyva.
 23521 | Lair:5   | Found a staircase to the Slime Pits.
 23862 | Lair:5   | Noticed a four-headed hydra
 23869 | Lair:5   | Killed a four-headed hydra
 24059 | Lair:5   | Reached XP level 13. HP: 114/119 MP: 5/28
 24405 | Lair:5   | Offered knowledge of Ozocubu's Refrigeration by Vehumet.
 24699 | Lair:6   | Entered Level 6 of the Lair of Beasts
 25629 | Lair:6   | Reached skill level 5 in Summonings
 28005 | D:12     | Offered knowledge of Starburst by Vehumet.
 28015 | D:12     | Learned a level 6 spell: Starburst
 28115 | D:12     | Noticed Nergalle
 28120 | D:12     | Killed Nergalle
 28137 | D:12     | Reached XP level 14. HP: 101/129 MP: 5/30
 29283 | D:13     | Found a frozen archway.
 29313 | IceCv    | Entered an ice cave
 29964 | IceCv    | Found an ancient bone altar of Kikubaaqudgha.
 29967 | IceCv    | Offered knowledge of Freezing Cloud by Vehumet.
 30405 | IceCv    | Got a pair of pitted gloves
 30416 | IceCv    | Identified the cursed +0 pair of gloves of Jeciseh {-Cast
                  | rPois rN+ Dex+6} (You found it in an ice cave)
 31089 | D:13     | Found a gate to the Vaults.
 32135 | D:14     | Got a translucent quarterstaff
 32141 | D:14     | Identified the cursed +3 quarterstaff "Jipuolomi" {pain,
                  | rN+ MP+9 Str+2} (You found it on level 14 of the Dungeon)
 33007 | D:14     | Noticed Nessos
 33020 | D:14     | Killed Nessos
 33276 | D:15     | Entered Level 15 of the Dungeon
 33663 | D:15     | Reached skill level 5 in Dodging
 34366 | D:15     | Found a staircase to the Depths.
 34587 | Orc:1    | Entered Level 1 of the Orcish Mines
 34661 | Orc:1    | Offered knowledge of Iron Shot by Vehumet.
 34662 | Orc:1    | Noticed a stone giant
 34674 | Orc:1    | Killed a stone giant
 34906 | Orc:1    | Found Tuidgh's Magic Scroll Emporium.
 34915 | Orc:1    | Bought a scroll of identify for 22 gold pieces
 34915 | Orc:1    | Bought a scroll of identify for 22 gold pieces
 34915 | Orc:1    | Bought a scroll of summoning for 104 gold pieces
 35322 | Orc:2    | Entered Level 2 of the Orcish Mines
 35585 | Orc:2    | Reached XP level 15. HP: 139/139 MP: 19/32
 36504 | Orc:2    | Found Zenaf's Book Shop.
 36504 | Orc:2    | Found Vuabewku's Distillery.
 36508 | Orc:2    | Bought a book of the Tempests for 840 gold pieces
 36517 | Orc:2    | Bought a potion of curing for 48 gold pieces
 36517 | Orc:2    | Bought a potion of mutation for 128 gold pieces
 36517 | Orc:2    | Bought a potion of curing for 48 gold pieces
 36517 | Orc:2    | Bought a potion of heal wounds for 80 gold pieces
 36517 | Orc:2    | Bought a potion of curing for 48 gold pieces
 36517 | Orc:2    | Bought a potion of curing for 48 gold pieces
 36723 | Orc:2    | Reached ****** piety under Vehumet
 37073 | Orc:2    | Offered knowledge of Orb of Destruction by Vehumet.
 37367 | Orc:2    | Found a roughly hewn altar of Beogh.
 37375 | Orc:2    | Found Zirymo's Assorted Antiques.
 37375 | Orc:2    | Found Zugyfae's Magic Scroll Shoppe.
 37380 | Orc:2    | Bought a conspicuous book for 345 gold pieces
 37388 | Orc:2    | Learned a level 7 spell: Orb of Destruction
 37398 | Orc:2    | Bought a scroll of identify for 26 gold pieces
 37398 | Orc:2    | Bought a scroll of identify for 26 gold pieces
 37398 | Orc:2    | Bought a scroll of identify for 26 gold pieces
 37398 | Orc:2    | Bought a scroll of identify for 26 gold pieces
 37926 | Orc:2    | Found a staircase to the Elven Halls.
 37979 | Orc:2    | Noticed Erolcha
 37982 | Orc:2    | Killed Erolcha
 38382 | Swamp:1  | Entered Level 1 of the Swamp
 38411 | Swamp:1  | Noticed a tentacled monstrosity
 38557 | Swamp:1  | Slain by a tentacled monstrosity

Levels and vault maps discovered:
D:1:      dpeg_arrival_tiny_k, layout_basic,
          wander_ebering_terrifying_dragon_lair
D:2:      layout_basic, lemuel_crystal_altar, serial_glass, glass_columns_b,
          glass_columns_b, glass_columns_c, glass_columns_c, glass_columns_a,
          glass_columns_b, glass_columns_b, glass_columns_b, first_ration,
          chequers_ecumenical_altar_simple
D:3:      layout_loops_ring, lemuel_coloured_pillars_altar, bloody_trog,
          grunt_ministairs_3, okawaru_altar_gauntlet_db
D:4:      layout_cave_pools, lemuel_round_altar, kennysheep_windowed_goal
D:5:      layout_loops_ring, gammafunk_temple_overflow_elements,
          minmay_temple_entry_arrows
D:6:      layout_loops_ring, gammafunk_ghost_split, portal_sewer_entry_e,
          basic_altar, uniq_crazy_yiuf_cottage
D:7:      layout_gridville, kennysheep_mini_moat
D:8:      layout_gridville, uniq_maurice
D:9:      layout_big_octagon, kennysheep_little_box, old_standard_altar,
          erik_orc_1, serial_shops, shop, shop, shop, nicolae_shop_trees, shop,
          minmay_pinched_square
D:10:     layout_basic, lair_entry_dummy, serial_shops, shop,
          hangedman_stone_soup
D:11:     layout_basic, onia_ninara_cookie
D:12:     layout_cave_pools, uniq_nergalle
D:13:     nooodl_glass_maze, layout_cave_pools, david_vaults_2,
          portal_ice_cave_entry_pillars_1, minmay_fractal_squares_gapless_5
D:14:     layout_basic, hangedman_decor_points, uniq_nessos
D:15:     grunt_enter_depths_hoard, layout_loops_cross
Temple:   cyrus_circular_temple
Lair:1:   layout_big_grid, lemuel_fruit_tree
Lair:2:   layout_chaotic_city
Lair:3:   layout_regular_city, spider_nest_entry_funnel_web, st_stairs_13,
          minivault_27, grunt_megastairs_2, uniq_rupert
Lair:4:   layout_long_grid, swamp_mist, infiniplex_staircase_pool_2
Lair:5:   layout_big_grid, dpeg_slime_entry_enclosed_altar,
          infiniplex_staircase_pool
Lair:6:   evilmike_catoblepas_cave, layout_long_grid, serial_bayou_pond_c,
          worms_lemuel
Swamp:1:  layout_basic_swamp, gammafunk_ghost_necromancy,
          nicolae_swamp_dense_foliage, uniq_louise
Orc:1:    layout_caves, serial_shops, shop_scrolls
Orc:2:    st_orc_town, layout_caves, uniq_erolcha

Skill      XL: |  1  2  3  4  5  6  7  8  9 10 11 12 13 14 15 |
---------------+----------------------------------------------+-----
Air Magic      | 4 5 6 7 8 |  8.8
Fighting       | 1 3 4 7 10 11 12 13 14 | 14.7
Shields        | 1 2 4 |  4.0
Conjurations   | 2 4 6 8 9 10 11 12 | 12.8
Spellcasting   | 3 4 5 7 9 11 12 13 14 | 14.2
Fire Magic     | 1 5 |  5.0
Charms         | 1 3 |  3.0
Ice Magic      | 2 5 |  5.0
Summonings     | 3 5 7 |  7.0
Stealth        | 4 |  4.0
Dodging        | 2 5 |  5.0

Action                   |  1- 3 |  4- 6 |  7- 9 | 10-12 | 13-15 || total
-------------------------+-------+-------+-------+-------+-------++-------
Melee: Unarmed           |    16 |       |       |       |       ||    16
       Short sword       |     5 |    32 |    17 |    17 |       ||    71
       Tailslap          |     2 |     4 |     2 |     3 |     4 ||    15
       Staff             |       |       |       |    15 |       ||    15
       Dagger            |       |       |       |     3 |    19 ||    22
 Cast: Shock             |    75 |   222 |   289 |   516 |   645 ||  1747
       Airstrike         |       |       |    17 |    36 |    86 ||   139
       Static Discharge  |       |       |    10 |   142 |   184 ||   336
       Lightning Bolt    |       |       |     3 |    59 |    71 ||   133
       Swiftness         |       |       |     1 |       |     7 ||     8
       Hailstorm         |       |       |       |    10 |     2 ||    12
       Fireball          |       |       |       |     4 |   133 ||   137
       Starburst         |       |       |       |       |    11 ||    11
       Spellforged Servi |       |       |       |       |     6 ||     6
       Orb of Destructio |       |       |       |       |    17 ||    17
Evoke: Wand              |       |       |       |       |     1 ||     1
  Use: Scroll            |     1 |     3 |     8 |     5 |    17 ||    34
       Potion            |       |       |       |     5 |     6 ||    11
  Eat: Chunk             |     4 |    14 |    12 |    40 |    45 ||   115
       Ration            |       |     1 |     3 |     4 |     7 ||    15
Armor: Skin              |     8 |    19 |    39 |   114 |   158 ||   338
Dodge: Dodged            |    23 |    56 |    46 |   191 |   265 ||   581
Block: Buckler           |       |     3 |    20 |   112 |   149 ||   284

Table legend:
 A = Non-vault XP
 B = Vault XP
 C = Vault XP percentage of total XP
 D = Non-vault monster count
 E = Vault monster count
 F = Vault count percentage of total count
                 A         B        C        D         E       F
            +---------+---------+-------+---------+---------+-------
      Total |   73819 |   42722 |  36.7 |     526 |     244 |  31.7
            +---------+---------+-------+---------+---------+-------
        D:1 |      80 |       1 |   1.2 |      28 |       1 |   3.4
        D:2 |      80 |       0 |   0.0 |      20 |       0 |   0.0
        D:3 |      63 |      41 |  39.4 |      14 |       8 |  36.4
        D:4 |     197 |       3 |   1.5 |      14 |       1 |   6.7
        D:5 |     326 |       0 |   0.0 |      18 |       0 |   0.0
        D:6 |     890 |      40 |   4.3 |      18 |       1 |   5.3
        D:7 |    1991 |       0 |   0.0 |      33 |       0 |   0.0
        D:8 |    3178 |     445 |  12.3 |      15 |       1 |   6.2
        D:9 |    1399 |    2217 |  61.3 |      24 |      30 |  55.6
       D:10 |    2425 |     938 |  27.9 |      30 |       5 |  14.3
       D:11 |    3199 |    2683 |  45.6 |      27 |      16 |  37.2
       D:12 |    6695 |     789 |  10.5 |      24 |       1 |   4.0
       D:13 |   10640 |    3005 |  22.0 |      52 |      14 |  21.2
       D:14 |    1939 |    1241 |  39.0 |      14 |       1 |   6.7
       D:15 |    4205 |    2007 |  32.3 |      14 |       2 |  12.5
     Temple |      34 |       0 |   0.0 |       1 |       0 |   0.0
     Lair:1 |    3308 |       0 |   0.0 |      16 |       0 |   0.0
     Lair:2 |     389 |       0 |   0.0 |       2 |       0 |   0.0
     Lair:3 |    3914 |    1360 |  25.8 |      19 |       6 |  24.0
     Lair:4 |    5025 |       0 |   0.0 |      17 |       0 |   0.0
     Lair:5 |    8508 |    2849 |  25.1 |      31 |       4 |  11.4
     Lair:6 |    3864 |   10364 |  72.8 |      18 |      23 |  56.1
    Swamp:1 |    1253 |       0 |   0.0 |       2 |       0 |   0.0
      Orc:1 |    4341 |       3 |   0.1 |      23 |       1 |   4.2
      Orc:2 |    5876 |    8384 |  58.8 |      52 |      57 |  52.3
      Sewer |       0 |     107 | 100.0 |       0 |      18 | 100.0
      IceCv |       0 |    6245 | 100.0 |       0 |      54 | 100.0
            +---------+---------+-------+---------+---------+-------
